IL
DURHAM BULLS @ NORFOLK TIDES
06/11/2044
 
TOP OF THE 1ST
Durham Bulls batting - Pitching for Norfolk Tides : RHP Ryan Kotter
Pitching: RHP Ryan Kotter
Batting: LHB Angel Ruvalcaba 0-0: SINGLE (Line Drive, 89M, EV 104.4 MPH)
Batting: LHB Robin More 0-0: Ball
1-0: Foul Ball, location: 2F
1-1: SINGLE (Groundball, 6M, EV 98.8 MPH) (infield hit)
Angel Ruvalcaba to second
Batting: SHB Ben Pierce 0-0: Foul Ball, location: 2F
0-1: Ball
1-1: Fielders Choice at 2nd, 6-4 (Groundball, 6S, EV 85.0 MPH)
Angel Ruvalcaba to third
Batting: RHB Danny Diaz 0-0: Called Strike
0-1: Ball
1-1: Ball
2-1: Called Strike
2-2: Foul Ball, location: 2F
2-2: SINGLE (Line Drive, 3D, EV 101.3 MPH)
Angel Ruvalcaba scores
Ben Pierce to second
Batting: SHB Soudai Abe 0-0: Ball
1-0: Called Strike
1-1: Ball
2-1: Fielders Choice at 2nd, 4-6 (Groundball, 4, EV 102.5 MPH)
Ben Pierce to third
Batting: LHB Danny Hull 0-0: Foul Ball, location: 2F
0-1: Foul Ball, location: 2F
0-2: Fly out, F5 (Popup, 5SF, EV 79.4 MPH)
Top of the 1st over - 1 run, 3 hits, 0 errors, 2 left on base; Durham 1 - Norfolk 0
BOTTOM OF THE 1ST
Norfolk Tides batting - Pitching for Durham Bulls : LHP T.J. Epley
Pitching: LHP T.J. Epley
Batting: LHB Tom Edwards 0-0: Called Strike
0-1: Called Strike
0-2: Ball
1-2: Ball
2-2: Foul Ball, location: 2F
2-2: Fly out, F9 (Flyball, 9D, EV 99.4 MPH)
Batting: LHB Hyoji Toda 0-0: Ball
1-0: Foul Ball, location: 2F
1-1: Foul Ball, location: 2F
1-2: Ball
2-2: Foul Ball, location: 2F
2-2: Foul Ball, location: 2F
2-2: Ball
3-2: Fly out, F8 (Flyball, 8LM, EV 82.5 MPH)
Batting: SHB Brian Bentz 0-0: Called Strike
0-1: Fly out, F8 (Flyball, 8LS, EV 83.1 MPH)
Bottom of the 1st over - 0 runs, 0 hits, 0 errors, 0 left on base; Durham 1 - Norfolk 0
TOP OF THE 2ND
Durham Bulls batting - Pitching for Norfolk Tides : RHP Ryan Kotter
Batting: RHB Kevin Kush 0-0: Ground out 6-3 (Groundball, 6, EV 79.4 MPH)
Batting: LHB Jeremy Burton 0-0: Called Strike
0-1: Called Strike
0-2: Ground out 5-3 (Groundball, 5L, EV 81.3 MPH)
Batting: RHB Jose Herrera 0-0: Foul Ball, location: 2F
0-1: Foul Ball, location: 2F
0-2: Ball
1-2: Fly out, F1 (Popup, P, EV 75.6 MPH)
Top of the 2nd over - 0 runs, 0 hits, 0 errors, 0 left on base; Durham 1 - Norfolk 0
BOTTOM OF THE 2ND
Norfolk Tides batting - Pitching for Durham Bulls : LHP T.J. Epley
Batting: RHB Mike Hayward 0-0: SINGLE (Flyball, 34D, EV 91.3 MPH)
Batting: RHB Tony Logan 0-0: Ball
1-0: Grounds into double play, 6-4-3 (Groundball, 6, EV 100.6 MPH)
Batting: RHB Mario Saez 0-0: Called Strike
0-1: Foul Ball, location: 2F
0-2: Ground out 6-3 (Groundball, 6M, EV 82.5 MPH)
Bottom of the 2nd over - 0 runs, 1 hit, 0 errors, 0 left on base; Durham 1 - Norfolk 0
TOP OF THE 3RD
Durham Bulls batting - Pitching for Norfolk Tides : RHP Ryan Kotter
Batting: LHB Angel Ruvalcaba 0-0: Fly out, F4 (Flyball, 4D, EV 89.4 MPH)
Batting: LHB Robin More 0-0: Called Strike
0-1: DOUBLE (Line Drive, 7LM, EV 109.4 MPH)
Batting: SHB Ben Pierce 0-0: Ball
1-0: Ball
2-0: Called Strike
2-1: Foul Ball, location: 2F
2-2: Ground out 4-3 (Groundball, 34D, EV 103.8 MPH)
Robin More to third
Batting: RHB Danny Diaz 0-0: Foul Ball, location: 2F
0-1: Ball
1-1: Ground out 4-3 (Groundball, 4, EV 83.1 MPH)
Top of the 3rd over - 0 runs, 1 hit, 0 errors, 1 left on base; Durham 1 - Norfolk 0
BOTTOM OF THE 3RD
Norfolk Tides batting - Pitching for Durham Bulls : LHP T.J. Epley
Batting: RHB Min-u Lee 0-0: Ball
1-0: Called Strike
1-1: Fly out, F8 (Line Drive, 8LD, EV 88.1 MPH)
Batting: RHB Ricky Jimenez 0-0: Foul Ball, location: 2F
0-1: Ball
1-1: Fly out, F6 (Flyball, 56D, EV 90.6 MPH)
Batting: RHB Carlos Talavera 0-0: Swinging Strike
0-1: Ground out 5-3 (Groundball, 5, EV 107.5 MPH)
Bottom of the 3rd over - 0 runs, 0 hits, 0 errors, 0 left on base; Durham 1 - Norfolk 0
TOP OF THE 4TH
Durham Bulls batting - Pitching for Norfolk Tides : RHP Ryan Kotter
Batting: SHB Soudai Abe 0-0: Ball
1-0: Foul Ball, location: 2F
1-1: Swinging Strike
1-2: Ground out 4-3 (Groundball, 34D, EV 102.5 MPH)
Batting: LHB Danny Hull 0-0: Called Strike
0-1: Ground out 4-3 (Groundball, 4, EV 86.3 MPH)
Batting: RHB Kevin Kush 0-0: Called Strike
0-1: Ball
1-1: Ball
2-1: Fly out, F9 (Flyball, 9LS, EV 90.0 MPH)
Top of the 4th over - 0 runs, 0 hits, 0 errors, 0 left on base; Durham 1 - Norfolk 0
BOTTOM OF THE 4TH
Norfolk Tides batting - Pitching for Durham Bulls : LHP T.J. Epley
Batting: LHB Tom Edwards 0-0: Called Strike
0-1: Called Strike
0-2: Strikes out swinging
Batting: LHB Hyoji Toda 0-0: Called Strike
0-1: Ball
1-1: Ball
2-1: Ball
3-1: Base on Balls
Batting: SHB Brian Bentz Pickoff Throw to First - Out! 1-3
0-0: Ball
1-0: Ball
2-0: Called Strike
2-1: Foul Ball, location: 2F
2-2: Ball
3-2: Foul Ball, location: 2F
3-2: Base on Balls
Batting: RHB Mike Hayward 0-0: Foul Ball, location: 2F
0-1: Foul Ball, location: 2F
0-2: Foul Ball, location: 2F
0-2: Strikes out swinging
Bottom of the 4th over - 0 runs, 0 hits, 0 errors, 1 left on base; Durham 1 - Norfolk 0
TOP OF THE 5TH
Durham Bulls batting - Pitching for Norfolk Tides : RHP Ryan Kotter
Batting: LHB Jeremy Burton 0-0: SINGLE (Line Drive, 56D, EV 96.9 MPH)
Batting: RHB Jose Herrera 0-0: Swinging Strike
0-1: Ball
1-1: Ball
2-1: Swinging Strike
2-2: Strikes out looking
Batting: LHB Angel Ruvalcaba 0-0: Ball
1-0: Fielders Choice at 2nd, 5-4 (Groundball, 5, EV 83.1 MPH)
Batting: LHB Robin More 0-0: DOUBLE (Line Drive, 78XD, EV 98.1 MPH)
Angel Ruvalcaba to third
Runner from 3rd tries for Home, SAFE, throw by LF to home
Batting: SHB Ben Pierce 0-0: Intentional Walk
Batting: RHB Danny Diaz 0-0: Ball
1-0: Ball
2-0: Fielders Choice at 2nd, 4-6 (Groundball, 4MD, EV 101.3 MPH)
Top of the 5th over - 1 run, 2 hits, 0 errors, 2 left on base; Durham 2 - Norfolk 0
BOTTOM OF THE 5TH
Norfolk Tides batting - Pitching for Durham Bulls : LHP T.J. Epley
Batting: RHB Tony Logan 0-0: Called Strike
0-1: Swinging Strike
0-2: Strikes out looking
Batting: RHB Mario Saez 0-0: Called Strike
0-1: Ball
1-1: Ball
2-1: Ball
3-1: Foul Ball, location: 2F
3-2: Foul Ball, location: 2F
3-2: Base on Balls
Batting: RHB Min-u Lee 0-0: Swinging Strike
0-1: Ball
1-1: DOUBLE (Line Drive, 7LS, EV 96.9 MPH)
Mario Saez to third
Runner from 3rd tries for Home, SAFE, throw by LF to trailing runner, SAFE at third!
Batting: RHB Ricky Jimenez 0-0: Called Strike
0-1: Foul Ball, location: 2F
0-2: Ball
1-2: Foul Ball, location: 2F
1-2: Foul Ball, location: 2F
1-2: Foul Ball, location: 2F
1-2: Foul Ball, location: 2F
1-2: Fly out, F9 (Flyball, 9D, EV 95.6 MPH)
Runner from 3rd tags up, SCORES, throw by RF
Batting: RHB Carlos Talavera 0-0: Foul Ball, location: 2F
0-1: Swinging Strike
0-2: Ball
1-2: Fly out, F6 (Flyball, 6D, EV 91.3 MPH)
Bottom of the 5th over - 2 runs, 1 hit, 0 errors, 0 left on base; Durham 2 - Norfolk 2
TOP OF THE 6TH
Durham Bulls batting - Pitching for Norfolk Tides : RHP Ryan Kotter
Batting: SHB Soudai Abe 0-0: Called Strike
0-1: Ball
1-1: Ball
2-1: Ball
3-1: Foul Ball, location: 2F
3-2: Foul Ball, location: 2F
3-2: Base on Balls
Batting: LHB Danny Hull 0-0: Ball
Wild Pitch!
Soudai Abe to second
1-0: Intentional Walk
Batting: RHB Kevin Kush 0-0: Called Strike
0-1: Ball
1-1: Ball
2-1: Grounds into double play, 5-4-3 (Groundball, 5, EV 105.0 MPH)
Soudai Abe to third
Batting: LHB Jeremy Burton 0-0: Intentional Walk
Batting: RHB Jose Herrera 0-0: Ball
1-0: Called Strike
1-1: Foul Ball, location: 2F
1-2: Fielders Choice at 2nd, 5-4 (Groundball, 56, EV 105.6 MPH)
Top of the 6th over - 0 runs, 0 hits, 0 errors, 2 left on base; Durham 2 - Norfolk 2
BOTTOM OF THE 6TH
Norfolk Tides batting - Pitching for Durham Bulls : LHP T.J. Epley
Batting: LHB Tom Edwards 0-0: Ball
1-0: Foul Ball, location: 2F
1-1: Foul Ball, location: 2F
1-2: Ball
2-2: SINGLE (Groundball, 34D, EV 103.1 MPH)
Batting: LHB Hyoji Toda 0-0: Ball
Wild Pitch!
Tom Edwards to second
1-0: Fly out, F9 (Flyball, 9, EV 98.1 MPH)
Batting: SHB Brian Bentz 0-0: Called Strike
0-1: Called Strike
0-2: Strikes out looking
Batting: RHB Mike Hayward 0-0: Ball
Wild Pitch!
Tom Edwards to third
1-0: Ball
2-0: Called Strike
2-1: Ball
3-1: Called Strike
3-2: Foul Ball, location: 2F
3-2: Reached via error on a dropped throw from 1B, E1 (Groundball, 34, EV 90.0 MPH)
Tom Edwards scores
Batting: RHB Tony Logan 0-0: Fielders Choice at 2nd, 4-6 (Groundball, 6M, EV 88.8 MPH)
Bottom of the 6th over - 1 run, 1 hit, 1 error, 1 left on base; Durham 2 - Norfolk 3
TOP OF THE 7TH
Durham Bulls batting - Pitching for Norfolk Tides : RHP Ryan Kotter
Batting: LHB Angel Ruvalcaba 0-0: Called Strike
0-1: Ball
1-1: Foul Ball, location: 2F
1-2: Ground out U3 (Groundball, 34, EV 103.1 MPH)
Batting: LHB Robin More 0-0: Fly out, F6 (Flyball, 6D, EV 81.3 MPH)
Batting: SHB Ben Pierce 0-0: Called Strike
0-1: Foul Ball, location: 2F
0-2: Ground out 6-3 (Groundball, 4M, EV 101.9 MPH)
Top of the 7th over - 0 runs, 0 hits, 0 errors, 0 left on base; Durham 2 - Norfolk 3
BOTTOM OF THE 7TH
Norfolk Tides batting - Pitching for Durham Bulls : LHP T.J. Epley
Batting: RHB Mario Saez 0-0: Ball
1-0: Ball
2-0: Ball
3-0: Called Strike
3-1: Ground out 6-3 (Groundball, 6MD, EV 88.8 MPH)
Batting: RHB Min-u Lee 0-0: Foul Ball, location: 2F
0-1: Ball
1-1: Ball
2-1: Ball
3-1: Base on Balls
Pitching: RHP Ken Vandercook
Batting: RHB Ricky Jimenez 0-0: Ball
1-0: Ball
2-0: Swinging Strike
2-1: Ball
3-1: Base on Balls
Min-u Lee to second
Pinch Runner at 2nd Geoffrey van der Wekken:
Pinch Hitting: LHB Gabe Pace 0-0: Ball
1-0: SINGLE (Groundball, 34S, EV 60.6 MPH) (infield hit)
Geoffrey van der Wekken to third
Ricky Jimenez to second
Batting: LHB Tom Edwards 0-0: Foul Ball, location: 2F
0-1: Ball
1-1: Called Strike
1-2: Foul Ball, location: 2F
1-2: Ball
2-2: Ball
3-2: Fly out, F8 (Flyball, 8RS, EV 96.9 MPH)
Batting: LHB Hyoji Toda 0-0: Ball
1-0: Ball
2-0: Ball
3-0: Fly out, F8 (Flyball, 8RXD, EV 85.0 MPH)
Bottom of the 7th over - 0 runs, 1 hit, 0 errors, 3 left on base; Durham 2 - Norfolk 3
TOP OF THE 8TH
Durham Bulls batting - Pitching for Norfolk Tides : RHP Ryan Kotter
Now at SS: Sal Espinosa
Now in LF: Gabe Pace
Now in CF: Mike Hayward
Batting: RHB Danny Diaz 0-0: Foul Ball, location: 2F
0-1: Ball
1-1: DOUBLE (Line Drive, 78D, EV 105.6 MPH)
Batting: SHB Soudai Abe 0-0: Ball
1-0: Ground out U3 (Groundball, 3, EV 84.4 MPH)
Danny Diaz to third
Batting: LHB Danny Hull 0-0: Ball
1-0: Ball
2-0: Ground out U3 (Groundball, 3, EV 84.4 MPH)
Pinch Hitting: LHB Brian Hollinger 0-0: Called Strike
0-1: Ball
1-1: Foul Ball, location: 2F
1-2: Ball
2-2: Ground out 4-3 (Groundball, 4, EV 86.3 MPH)
Top of the 8th over - 0 runs, 1 hit, 0 errors, 1 left on base; Durham 2 - Norfolk 3
BOTTOM OF THE 8TH
Norfolk Tides batting - Pitching for Durham Bulls : RHP Ken Vandercook
Now in LF: Brian Hollinger
Batting: SHB Brian Bentz 0-0: Called Strike
0-1: Foul Ball, location: 2F
0-2: Ball
1-2: Strikes out swinging
Batting: RHB Mike Hayward 0-0: Ball
1-0: Called Strike
1-1: Foul Ball, location: 2F
1-2: Ball
2-2: Strikes out swinging
Batting: RHB Tony Logan 0-0: Ball
1-0: Called Strike
1-1: Called Strike
1-2: Ball
2-2: Foul Ball, location: 2F
2-2: Fly out, F8 (Line Drive, 8RD, EV 107.5 MPH)
Bottom of the 8th over - 0 runs, 0 hits, 0 errors, 0 left on base; Durham 2 - Norfolk 3
TOP OF THE 9TH
Durham Bulls batting - Pitching for Norfolk Tides : RHP Ryan Kotter
Pitching: RHP Tony Huete
Batting: LHB Jeremy Burton 0-0: Foul Ball, location: 2F
0-1: Ground out 4-3 (Groundball, 13, EV 86.9 MPH)
Batting: RHB Jose Herrera 0-0: Ball
1-0: Foul Ball, location: 2F
1-1: DOUBLE (Line Drive, 5D, EV 97.5 MPH)
Batting: LHB Angel Ruvalcaba 0-0: Ball
1-0: Ball
2-0: Ball
3-0: Called Strike
3-1: Fly out, F9 (Flyball, 9S, EV 91.3 MPH)
Batting: LHB Robin More 0-0: Ball
1-0: SINGLE (Groundball, 4MS, EV 69.4 MPH) (infield hit)
Jose Herrera to third
Batting: SHB Ben Pierce 0-0: Foul Ball, location: 2F
0-1: DOUBLE (Flyball, 78XD, EV 101.3 MPH)
Jose Herrera scores
Robin More to third
Batting: RHB Danny Diaz 0-0: Swinging Strike
0-1: Ground out U3 (Groundball, 3, EV 88.8 MPH)
Top of the 9th over - 1 run, 3 hits, 0 errors, 2 left on base; Durham 3 - Norfolk 3
BOTTOM OF THE 9TH
Norfolk Tides batting - Pitching for Durham Bulls : RHP Ken Vandercook
Pitching: RHP Luis Cubero
Batting: RHB Sal Espinosa 0-0: Called Strike
0-1: Ball
1-1: Fly out, F7 (Flyball, 7LS, EV 91.9 MPH)
Batting: LHB Josh Downs 0-0: Called Strike
0-1: Ball
1-1: Called Strike
1-2: Strikes out looking
Batting: RHB Ricky Jimenez 0-0: Fly out, F7 (Flyball, 7LM, EV 92.5 MPH)
Bottom of the 9th over - 0 runs, 0 hits, 0 errors, 0 left on base; Durham 3 - Norfolk 3
TOP OF THE 10TH
Durham Bulls batting - Pitching for Norfolk Tides : RHP Tony Huete
Pitching: RHP Josh Boyles
Batting: SHB Soudai Abe 0-0: Called Strike
0-1: Ball
1-1: Swinging Strike
1-2: Ball
2-2: Foul Ball, location: 2F
2-2: Strikes out swinging
Batting: LHB Danny Hull 0-0: Ball
1-0: Ground out 2-3 (Groundball, 2L, EV 68.1 MPH)
Batting: LHB Brian Hollinger 0-0: Ball
1-0: Foul Ball, location: 2F
1-1: Called Strike
1-2: Strikes out looking
Top of the 10th over - 0 runs, 0 hits, 0 errors, 0 left on base; Durham 3 - Norfolk 3
BOTTOM OF THE 10TH
Norfolk Tides batting - Pitching for Durham Bulls : RHP Luis Cubero
Pitching: RHP Eric Hudson
Batting: LHB Gabe Pace 0-0: Swinging Strike
0-1: Ball
1-1: Foul Ball, location: 2F
1-2: Foul Ball, location: 2F
1-2: Strikes out swinging, 2-3 out at first.
Batting: LHB Tom Edwards 0-0: Swinging Strike
0-1: Ball
1-1: Ball
2-1: Foul Ball, location: 2F
2-2: Ball
3-2: Strikes out swinging, 2-3 out at first.
Batting: LHB Hyoji Toda 0-0: Called Strike
0-1: Ground out 3-1 (Groundball, 34, EV 86.3 MPH)
Bottom of the 10th over - 0 runs, 0 hits, 0 errors, 0 left on base; Durham 3 - Norfolk 3
TOP OF THE 11TH
Durham Bulls batting - Pitching for Norfolk Tides : RHP Josh Boyles
Batting: LHB Jeremy Burton 0-0: Ball
1-0: Fly out, F9 (Line Drive, 9, EV 93.8 MPH)
Batting: RHB Jose Herrera 0-0: Ball
1-0: Called Strike
1-1: Called Strike
1-2: Ball
2-2: Strikes out looking
Batting: LHB Angel Ruvalcaba 0-0: Called Strike
0-1: Called Strike
0-2: Ground out 4-3 (Groundball, 4M, EV 88.8 MPH)
Top of the 11th over - 0 runs, 0 hits, 0 errors, 0 left on base; Durham 3 - Norfolk 3
BOTTOM OF THE 11TH
Norfolk Tides batting - Pitching for Durham Bulls : RHP Eric Hudson
Batting: SHB Brian Bentz 0-0: Called Strike
0-1: Foul Ball, location: 2F
0-2: Ball
1-2: Foul Ball, location: 2F
1-2: Foul Ball, location: 2F
1-2: Strikes out swinging
Batting: RHB Mike Hayward 0-0: Called Strike
0-1: Swinging Strike
0-2: Strikes out swinging, 2-3 out at first.
Batting: RHB Tony Logan 0-0: Swinging Strike
0-1: Swinging Strike
0-2: Foul Ball, location: 2F
0-2: Strikes out swinging
Bottom of the 11th over - 0 runs, 0 hits, 0 errors, 0 left on base; Durham 3 - Norfolk 3
TOP OF THE 12TH
Durham Bulls batting - Pitching for Norfolk Tides : RHP Josh Boyles
Batting: LHB Robin More 0-0: Ball
1-0: Foul Ball, location: 2F
1-1: Called Strike
1-2: Strikes out swinging
Batting: SHB Ben Pierce 0-0: Ball
1-0: Ball
2-0: Ball
3-0: Base on Balls
Batting: RHB Danny Diaz 0-0: Swinging Strike
0-1: Ball
1-1: Called Strike
1-2: Fly out, F7 (Flyball, 7S, EV 96.3 MPH)
Batting: SHB Soudai Abe 0-0: Called Strike
0-1: Ball
Ben Pierce steals 2nd base
1-1: Ball
2-1: Ground out 6-3 (Groundball, 6MD, EV 82.5 MPH)
Top of the 12th over - 0 runs, 0 hits, 0 errors, 1 left on base; Durham 3 - Norfolk 3
BOTTOM OF THE 12TH
Norfolk Tides batting - Pitching for Durham Bulls : RHP Eric Hudson
Batting: RHB Sal Espinosa 0-0: Called Strike
0-1: Fly out, F9 (Flyball, 89D, EV 90.0 MPH)
Batting: LHB Josh Downs 0-0: Swinging Strike
0-1: Foul Ball, location: 2F
0-2: Ball
1-2: Strikes out looking
Batting: RHB Ricky Jimenez 0-0: Called Strike
0-1: Ball
1-1: Ball
2-1: Ball
3-1: Foul Ball, location: 2F
3-2: Strikes out swinging
Bottom of the 12th over - 0 runs, 0 hits, 0 errors, 0 left on base; Durham 3 - Norfolk 3
TOP OF THE 13TH
Durham Bulls batting - Pitching for Norfolk Tides : RHP Josh Boyles
Pitching: RHP Aaron Schneider
Batting: LHB Danny Hull 0-0: Ground out U3 (Groundball, 3, EV 76.9 MPH)
Batting: LHB Brian Hollinger 0-0: Called Strike
0-1: Ball
1-1: Foul Ball, location: 2F
1-2: Ball
2-2: Foul Ball, location: 2F
2-2: Ball
3-2: Strikes out swinging
Batting: LHB Jeremy Burton 0-0: SINGLE (Groundball, 4D, EV 107.5 MPH)
Batting: RHB Jose Herrera 0-0: Called Strike
0-1: Swinging Strike
0-2: Strikes out swinging
Top of the 13th over - 0 runs, 1 hit, 0 errors, 1 left on base; Durham 3 - Norfolk 3
BOTTOM OF THE 13TH
Norfolk Tides batting - Pitching for Durham Bulls : RHP Eric Hudson
Pitching: RHP Jon Killen
Batting: LHB Gabe Pace 0-0: Ball
1-0: Ball
2-0: Foul Ball, location: 2F
2-1: Foul Ball, location: 2F
2-2: Ball
3-2: Foul Ball, location: 2F
3-2: SINGLE (Groundball, 56S, EV 63.8 MPH) (infield hit)
Batting: LHB Tom Edwards 0-0: Called Strike
0-1: Ball
1-1: Ball
2-1: Ball
3-1: Base on Balls
Gabe Pace to second
Batting: LHB Hyoji Toda 0-0: Bunt missed!
0-1: Ball
1-1: Reached on error, E2 (Groundball, 2L, EV 43.8 MPH)
Gabe Pace scores
Bottom of the 13th over - 1 run, 1 hit, 1 error, 0 left on base; Durham 3 - Norfolk 4
Game Over ... Norfolk defeats Durham, 4 to 3
Thursday, March 31st , 2022 - OOTP Baseball 22.12 Build 89